[Event "Live Chess"]
[Site "Chess.com"]
[Date "2023.05.20"]
[Round "-"]
[White "Singapourfeuj"]
[Black "EdenHazard8"]
[Result "0-1"]
[WhiteElo "2227"]
[BlackElo "2057"]
[TimeControl "300"]
[EndTime "15:21:44 PDT"]
[Termination "EdenHazard8 won by resignation"]

1. d4 d5 2. c4 e6 3. Nf3 dxc4 4. e4 b5 5. a4 c6 6. Be2 Nf6 7. Nbd2 Bb4 8. O-O Bxd2 9. Qxd2 Nxe4 10. Qf4 Nf6 11. Ne5 O-O 12. axb5 cxb5 13. Bf3 Nd5 14. Qg3 Nd7 15. Bh6 Qf6 16. Ng4 Qg6 17. Be4 f5 18.
Bxd5 exd5 19. Rfe1 fxg4 20. Bf4 Nf6 21. Bd6 Ne4 22. Qe5 Nxd6 23. Qxd5+ Kh8 24. Qxa8 Qf5 25.
Re2 Bb7 26. Qxa7 Qd5 27. f3 gxf3 28. Rf2 h6 29. Qc5 Qxc5 30. dxc5 Ne4 31. Rxf3 Rxf3 32. gxf3 Nxc5 33. Kf2 Nd3+ 34. Ke3 Nxb2 35. Kd4 Bxf3 36.
Rb1 Nd1 37. Rxb5 c3 38. Rc5 Kh7 39. h4 h5 40. Kd3 Bg4 41. Kc2 g6 42. Rc7+ Kh6 43.
Rc5 Ne3+ 44. Kxc3 Ng2 45. Kd4 Nxh4 46. Ke3 Nf5+ 47. Kf4 g5+ 48. Ke5 h4 49. Rc6+ Kh5 50. Rc8 Nh6 51. Rh8 h3 52. Kf6 h2 53. Kg7 Bh3 54.
Rxh6+ Kg4 55. Rg6 h1=Q 56. Rxg5+ Kf4 0-1

[Event "Live Chess"]
[Site "Chess.com"]
[Date "2023.05.20"]
[Round "-"]
[White "f4nomore"]
[Black "JbbChess726"]
[Result "1-0"]
[WhiteElo "1416"]
[BlackElo "416"]
[TimeControl "300"]
[EndTime "15:22:04 PDT"]
[Termination "f4nomore won by resignation"]

1. d4 Nf6 2. Bg5 h6 3. Bxf6 gxf6 4. Nf3 Nc6 5. e3 e5 6. dxe5 fxe5 7. Bb5 b6 8. Bxc6 dxc6 9. Nxe5 Qxd1+ 10. Kxd1 Bd6 11. Nxc6 Bb7 12. Nd4 Bxg2 13. Rg1 Be4 14. c3 c5 15. Nb5 Bf3+ 16. Kc2 Be4+ 17. Kb3 Bd5+ 18. c4 Bc6 19. Nxd6+ Kd8 20. Nxf7+ Ke8 21. Nxh8 a5 22. Rg8+ Ke7 23. Rxa8 a4+ 24. Rxa4 1-0

[Event "Live Chess"]
[Site "Chess.com"]
[Date "2023.05.20"]
[Round "-"]
[White "Alan_Richardson"]
[Black "McSlash1"]
[Result "1/2-1/2"]
[WhiteElo "1697"]
[BlackElo "2007"]
[TimeControl "300"]
[EndTime "15:22:18 PDT"]
[Termination "Game drawn by repetition"]

1. d4 Nf6 2. Bf4 g6 3. Nf3 Bg7 4. c3 O-O 5. Nbd2 d5 6. h3 c5 7. e3 Nc6 8. Be2 Qb6 9. Qc1 cxd4 10. exd4 Bf5 11. O-O Rac8 12. Nb3 Ne4 13. Bd3 a5 14. Qb1 a4 15. Nbd2 Nxd2 16. Nxd2 Be6 17. Nf3 Na5 18. Qc2 Bd7 19. Ne5 Be8 20. Rfe1 Nc4 21. Nxc4 dxc4 22.
Be4 f6 23. Bd5+ Bf7 24. Bxf7+ Rxf7 25. Qxa4 Rcf8 26. Qxc4 e5 27. Be3 Qxb2 28. Rab1 Qc2 29. Rxb7 exd4 30. Bxd4 f5 31. Rxf7 Rxf7 32. Re8+ Bf8 33.
Rxf8+ Kxf8 34. Qc8+ Ke7 35. Qc7+ Ke6 36. Qc6+ Ke7 37.
Qc7+ Ke8 38. Qc8+ Ke7 39. Qc7+ 1/2-1/2

[Event "Live Chess"]
[Site "Chess.com"]
[Date "2023.05.20"]
[Round "-"]
[White "CeladonFish"]
[Black "Doge_Dandolo"]
[Result "0-1"]
[WhiteElo "1167"]
[BlackElo "2029"]
[TimeControl "300"]
[EndTime "15:22:19 PDT"]
[Termination "Doge_Dandolo won by resignation"]

1. d4 d5 2. c4 c6 3. Nc3 Nf6 4. Bf4 a6 5. e3 Bf5 6. Nf3 e6 7.
Ne5 Nbd7 8. h3 Nxe5 9. dxe5 Ne4 10. Nxe4 Bxe4 11. f3 Bg6 12. g4 h5 13. Qb3 Qc7 14.
Bg3 hxg4 15. fxg4 Be4 16. Rh2 Bc5 17. Bf4 Be7 18. cxd5 Bxd5 19. Qc3 g5 20. Bg3 Qb6 21. Qd4 Bc5 22. Qc3 Bb4 0-1

[Event "Live Chess"]
[Site "Chess.com"]
[Date "2023.05.20"]
[Round "-"]
[White "Jo1ts"]
[Black "MrBlond89"]
[Result "0-1"]
[WhiteElo "771"]
[BlackElo "1371"]
[TimeControl "300"]
[EndTime "15:22:21 PDT"]
[Termination "MrBlond89 won by resignation"]

1. d4 d5 2. Bf4 c5 3. Nf3 cxd4 4.
Nxd4 f6 5. Nc3 e5 6. Nf3 d4 7. Nb5 Qa5+ 8. c3 exf4 9. Nbxd4 Nc6 10. Nxc6 bxc6 11. Qd4 Bc5 12. Qe4+ Ne7 13. Qxc6+ Nxc6 0-1

[Event "Live Chess"]
[Site "Chess.com"]
[Date "2023.05.20"]
[Round "-"]
[White "JanMur7"]
[Black "fso"]
[Result "0-1"]
[WhiteElo "1955"]
[BlackElo "2237"]
[TimeControl "300"]
[EndTime "15:22:30 PDT"]
[Termination "fso won by checkmate"]

1. e4 c5 2. Nf3 d6 3. c3 Nf6 4. Be2 g6 5. O-O Bg7 6. d3 O-O 7. Nbd2 Nbd7 8. Re1 a6 9. Nf1 b5 10. a4 Bb7 11. axb5 axb5 12. Rxa8 Qxa8 13. Be3 Ng4 14. h3 Nxe3 15. Nxe3 b4 16. Qc2 bxc3 17. bxc3 c4 18. Nxc4 d5 19. exd5 Bxd5 20. Ne3 Rc8 21. d4 Be4 22.
Bd3 Bxf3 23. gxf3 Qxf3 24. Bf1 Bxd4 25. Qd3 Bxe3 26. Rxe3 Qc6 27. Rxe7 Nf6 28. Re3 Rc7 29. Bg2 Qc5 30. Qd4 Kg7 31. Qxc5 Rxc5 32. Kh2 Nh5 33. Rd3 f5 34. Rd7+ Kh6 35. Rd3 Nf4 36. Re3 Kg5 37. Kg3 Nd5 38. Bxd5 f4+ 39. Kf3 fxe3 40.
Be4 exf2 41. Kxf2 Rxc3 42. Bf3 Kf4 43. Bg4 h5 44. Bd7 g5 45. Be6 g4 46. hxg4 hxg4 47. Kg1 g3 48. Bd5 Rc2 49. Bg2 Ke3 50. Bf1 Kf3 51.
Kh1 Rc1 52. Kg1 g2 53. Kh2 Rxf1 54. Kh3 Rh1# 0-1

[Event "Live Chess"]
[Site "Chess.com"]
[Date "2023.05.20"]
[Round "-"]
[White "mikkyb4"]
[Black "Ferrarifan27"]
[Result "0-1"]
[WhiteElo "1002"]
[BlackElo "2063"]
[TimeControl "300"]
[EndTime "15:22:40 PDT"]
[Termination "Ferrarifan27 won by resignation"]

1. e4 e5 2. Nc3 Nc6 3. Bc4 Bc5 4. Qg4 g6 5. Qf3 Qf6 6. Nd5 Qxf3 7. Nxf3 Bb6 8. d3 d6 9. Bg5 Bg4 10. Nf6+ Nxf6 11.
Bxf6 O-O 12. Ng5 h6 13. Nh3 Bxh3 14. gxh3 Nd4 15. O-O-O Ne2+ 16. Kb1 Nf4 17. Rhg1 Bxf2 18. Rg4 Bb6 19. c3 Kh7 20. d4 Nxh3 21. Rh4 Nf4 22. Bg5 Nh5 23. Be2 hxg5 24. Rh3 exd4 25. Rg1 dxc3 26. Rxg5 Kh6 27. Rg2 cxb2 28. Bxh5 gxh5 29.
Rh4 Rg8 0-1

[Event "Live Chess"]
[Site "Chess.com"]
[Date "2023.05.20"]
[Round "-"]
[White "Horseymobile"]
[Black "diana21strabt"]
[Result "1-0"]
[WhiteElo "1278"]
[BlackElo "1693"]
[TimeControl "300"]
[EndTime "15:22:58 PDT"]
[Termination "Horseymobile won by resignation"]

1. d4 Nf6 2. c4 g6 3. Nc3 Bg7 4.
e4 d6 5. Be2 Nbd7 6. Bg5 e5 7. d5 O-O 8. Nf3 h6 9. Be3 b6 10. O-O Nc5 11. Qc2 a5 12. a3 Bd7 13. b4 axb4 14. axb4 Rxa1 15. Rxa1 Nb7 16. Nd2 Nh7 17. Na4 f5 18. c5 bxc5 19. bxc5 Bxa4 20. Rxa4 f4 21. c6 fxe3 22. cxb7 exd2 23. Ra8 Qf6 24. f3 Qd8 25. Rxd8 Rxd8 26. Qxd2 Nf6 27. Qc3 Ne8 28. Bb5 Rb8 29. Bc6 Nf6 30. Qa5 Nd7 31. Qxc7 Rxb7 32. Bxb7 Nc5 33. Qxd6 Nxb7 34. Qb8+ Kh7 35. Qxb7 h5 36.
d6 1-0

[Event "Live Chess"]
[Site "Chess.com"]
[Date "2023.05.20"]
[Round "-"]
[White "elvenstar"]
[Black "JoeyCage"]
[Result "0-1"]
[WhiteElo "1573"]
[BlackElo "2319"]
[TimeControl "300"]
[EndTime "15:23:02 PDT"]
[Termination "JoeyCage won on time"]

1. e4 c5 2. f4 Nc6 3. Nf3 a6 4. Be2 b5 5. O-O g6 6. d4 cxd4 7. Nxd4 Bg7 8. c3 Bb7 9. Bf3 Nf6 10. Re1 O-O 11. Qd3 Qc7 12. e5 Ne8 13. Nxc6 Bxc6 14.
Bxc6 Qxc6 15. Be3 d6 16. Bd4 dxe5 17. fxe5 Nc7 18. Nd2 Rad8 19. Qe2 Ne6 20. Nf3 Nxd4 21. cxd4 Qd5 22. b3 Rc8 23. Rac1 Bh6 24. Rc2 Rfd8 25. h3 a5 26. Nh2 Qxd4+ 27. Kh1 Rxc2 28. Qxc2 Qd2 29. Qxd2 Rxd2 30. Ng4 Bf4 31. a4 bxa4 32. bxa4 h5 33. Nh2 Bxh2 34. Kxh2 Rd4 35. e6 f6 36. Rc1 Re4 37. Rc8+ Kg7 38. Ra8 Rxe6 39. Rxa5 Re3 40.
Rb5 Ra3 41. a5 e5 42. Kg1 Kh6 43. Rb6 f5 44. a6 e4 0-1

[Event "Live Chess"]
[Site "Chess.com"]
[Date "2023.05.20"]
[Round "-"]
[White "KeithArkell"]
[Black "nigelst"]
[Result "1-0"]
[WhiteElo "2607"]
[BlackElo "1831"]
[TimeControl "300"]
[EndTime "15:23:13 PDT"]
[Termination "KeithArkell won by resignation"]

1. d4 Nf6 2. Nf3 e6 3. c4 Bb4+ 4. Bd2 Qe7 5. g3 Nc6 6. Nc3 Bxc3 7. Bxc3 Ne4 8. Rc1 Nxc3 9. Rxc3 d6 10. d5 Nb8 11. dxe6 fxe6 12. Bg2 O-O 13. O-O Nc6 14. Re1 e5 15. Nd2 Qf6 16. Ne4 Qe7 17. c5 d5 18.
Qxd5+ Be6 19. Qd2 Rad8 20. Qc2 Bf5 21. a3 Qf7 22. e3 Rd7 23. Qb3 Qxb3 24. Rxb3 Na5 25.
Rc3 Bxe4 26. Bxe4 Rd2 27. b4 Nc6 28. Rf1 Nd8 29. Rc2 Rxc2 30. Bxc2 c6 31. Bb3+ Kh8 32. Rd1 g6 33. Rd7 b6 34. Rxa7 bxc5 35. bxc5 Ne6 36.
Bxe6 1-0

[Event "Live Chess"]
[Site "Chess.com"]
[Date "2023.05.20"]
[Round "-"]
[White "lateforthesky"]
[Black "WelshTiger"]
[Result "1-0"]
[WhiteElo "2118"]
[BlackElo "2376"]
[TimeControl "300"]
[EndTime "15:23:20 PDT"]
[Termination "lateforthesky won by resignation"]

1. e4 c5 2. Nf3 d6 3. Nc3 Nc6 4. g3 e5 5. Bg2 Nf6 6. O-O Be7 7. h3 O-O 8. d3 Rb8 9. a4 Nd4 10. Bg5 Be6 11. Bxf6 Bxf6 12. Nd5 Bxd5 13. exd5 Qd7 14.
c3 Nxf3+ 15. Qxf3 a6 16. Rfe1 b5 17. axb5 axb5 18. h4 Qe7 19. Ra6 g6 20. Rea1 Bg7 21.
h5 b4 22. hxg6 hxg6 23. Rc6 bxc3 24. bxc3 Rb3 25. Raa6 Rd8 26. c4 Bf8 27. Qd1 Qg5 28. Qxb3 Qc1+ 29. Kh2 Qh6+ 30. Bh3 Qd2 31. Kg2 Bh6 32. Ra2 Qe1 33. Rb6 Kg7 34. Qc2 Bg5 35. Rb1 Qb4 36. Rxb4 cxb4 37. Rb2 Rb8 38. Qa4 Bd2 39.
Rxd2 1-0

[Event "Live Chess"]
[Site "Chess.com"]
[Date "2023.05.20"]
[Round "-"]
[White "DaveL5678"]
[Black "miguelchuk"]
[Result "0-1"]
[WhiteElo "1023"]
[BlackElo "1604"]
[TimeControl "300"]
[EndTime "15:23:21 PDT"]
[Termination "miguelchuk won by checkmate"]

1. e4 e5 2. Nf3 Nc6 3. c3 Nf6 4.
d4 Nxe4 5. d5 Bc5 6. Be3 Bxe3 7.
fxe3 Nb8 8. Nxe5 Qh4+ 9. g3 Nxg3 10. hxg3 Qxh1 11. Qf3 Qxf3 12. Nxf3 d6 13. Nbd2 O-O 14. O-O-O c6 15. Bd3 g6 16. Ng5 h6 17. Nge4 Bf5 18.
Nf6+ Kg7 19. Bxf5 Kxf6 20. Be4 Nd7 21. dxc6 bxc6 22. Bxc6 Rad8 23. Ne4+ Kg7 24. Rxd6 Ne5 25. Rxd8 Rxd8 26. Bb7 Ng4 27. Nc5 Nxe3 28. Nb3 Rd1# 0-1

[Event "Live Chess"]
[Site "Chess.com"]
[Date "2023.05.20"]
[Round "-"]
[White "domrobson"]
[Black "TheSmoulderingMaster"]
[Result "1-0"]
[WhiteElo "1785"]
[BlackElo "1702"]
[TimeControl "300"]
[EndTime "15:23:38 PDT"]
[Termination "domrobson won by checkmate"]

1. d4 Nf6 2. c4 d6 3. Nf3 g6 4.
Nc3 Bg7 5. e4 O-O 6. Be2 e5 7.
d5 Nh5 8. O-O f5 9. Ne1 Nf6 10.
f3 f4 11. Kh1 Nh5 12. b4 Qh4 13. Kg1 Nd7 14. Bd3 Ndf6 15. Ne2 g5 16. g3 fxg3 17. hxg3 Nxg3 18. Nxg3 Qxg3+ 19. Ng2 Bh3 20. Qe2 Nh5 21. Qf2 g4 22. Qxg3 Nxg3 23. Rf2 gxf3 24. Nh4 Bf6 25.
Nxf3 Bg4 26. Ng5 Bxg5 27. Bxg5 Rf3 28. Rxf3 Bxf3 29. Kf2 Bxe4 30. Kxg3 Bxd3 31. c5 dxc5 32. bxc5 Bc4 33. d6 cxd6 34. cxd6 Be6 35. Re1 Kf7 36. Rxe5 Rg8 37. Kf4 Rg6 38. d7 Bxd7 39. Re7+ Kf8 40.
Rxd7 Rb6 41. Rxh7 Rb2 42. a3 Rb3 43. Rc7 Ke8 44. Be7 a5 45. Ke4 b5 46. Ra7 b4 47.
axb4 axb4 48. Rb7 Rb1 49. Bxb4 Rh1 50. Kf3 Kd8 51. Kg2 Rh5 52. Rg7 Ke8 53. Kg3 Rd5 54. Kf4 Rd1 55. Ke4 Rc1 56. Kd5 Rh1 57. Bc3 Kf8 58. Ra7 Ke8 59. Ke6 Rh6+ 60. Bf6 Kf8 61. Ra8# 1-0

[Event "Live Chess"]
[Site "Chess.com"]
[Date "2023.05.20"]
[Round "-"]
[White "Olisingapore"]
[Black "Man-Del-Brot"]
[Result "1-0"]
[WhiteElo "1863"]
[BlackElo "1121"]
[TimeControl "300"]
[EndTime "15:23:47 PDT"]
[Termination "Olisingapore won on time"]

1. d4 Nf6 2. c4 e5 3. dxe5 Ng4 4. Nf3 d6 5. e3 Nc6 6. Nc3 Ngxe5 7. Nxe5 Nxe5 8.
Be2 c6 9. O-O Be7 10. b3 O-O 11. Bb2 h6 12. Qc2 Bf6 13. Ne4 Bf5 14. Nxf6+ Qxf6 15. e4 Bd7 16. f4 Qg6 17. fxe5 Bh3 18. Bf3 dxe5 19. Rad1 Rfd8 20. Kh1 Be6 21. Bxe5 Rxd1 22. Rxd1 Qg5 23. Qd2 Qxe5 24. Qd4 Qf6 25. Qxf6 gxf6 26. c5 a5 27. Rd4 f5 28. exf5 Bxf5 29. Ra4 Re8 30. h3 Re1+ 31. Kh2 Bd3 32. b4 Bb5 33. Rxa5 1-0

[Event "Live Chess"]
[Site "Chess.com"]
[Date "2023.05.20"]
[Round "-"]
[White "raminguy"]
[Black "Hoogleboogle"]
[Result "1-0"]
[WhiteElo "1949"]
[BlackElo "1351"]
[TimeControl "300"]
[EndTime "15:23:48 PDT"]
[Termination "raminguy won by resignation"]

1. d4 e6 2. Nc3 d5 3. Bf4 Bd6 4. e3 Bxf4 5. exf4 Nc6 6. Nf3 Nf6 7. Ne5 Nxe5 8. fxe5 Ne4 9. Qg4 O-O 10. Nxe4 dxe4 11.
Qxe4 Qd5 12. Qxd5 exd5 13. O-O-O Be6 14. f4 Rfc8 15. h3 c5 16. g4 c4 17. f5 Bd7 18. Bg2 Bc6 19. Rhe1 Re8 20. h4 h6 21. g5 h5 22. Be4 b5 23. Bf3 g6 24. Re3 b4 25. Rde1 b3 26. a3 bxc2 27. Kxc2 Ba4+ 28.
Kc1 Bc6 29. e6 fxe6 30. fxg6 Kg7 31. Rxe6 Rxe6 32. Rxe6 Bd7 33. Rd6 Rd8 34. Bxd5 a5 35.
Bxc4 Kf8 36. Be2 Ke7 37. Rf6 Bg4 38. Rf7+ Ke6 39. Bc4+ Kd6 40. g7 Re8 41. Rf8 Re1+ 42. Kd2 Re2+ 43. Bxe2 Bxe2 44. Kxe2 1-0

[Event "Live Chess"]
[Site "Chess.com"]
[Date "2023.05.20"]
[Round "-"]
[White "JoshMcK"]
[Black "JohanKjeldahl"]
[Result "0-1"]
[WhiteElo "1548"]
[BlackElo "1867"]
[TimeControl "300"]
[EndTime "15:23:57 PDT"]
[Termination "JohanKjeldahl won by resignation"]

1. e4 c5 2. c3 g6 3. d4 cxd4 4. cxd4 d5 5. e5 Bg7 6. Nf3 Bg4 7. Be2 Nc6 8. O-O a6 9. Nc3 e6 10. Be3 Nge7 11. Qb3 b5 12. a3 O-O 13. Qc2 f6 14. exf6 Bxf6 15. Qd1 Nf5 16. b4 Bxf3 17. Bxf3 Bxd4 18.
Bxd4 Nfxd4 19. Bg4 Qg5 20. h3 h5 21. Be2 Rf6 22.
Qd3 Raf8 23. Rac1 Nxe2+ 24. Nxe2 Ne5 25. Qc2 Nf3+ 26. Kh1 Nh4 27. Ng3 Nxg2 28. Kxg2 h4 29. Qc3 hxg3 30. Qxg3 Qxg3+ 31. fxg3 Rxf1 32. Rxf1 Rxf1 33. Kxf1 Kf7 34. Ke2 Kf6 35. Ke3 e5 36. Kf3 Kf5 37. Ke3 g5 38. g4+ Kf6 39. Kd3 e4+ 40. Ke3 Ke5 41. Ke2 Kf4 42. Kf2 d4 43. Kg2 e3 0-1

[Event "Live Chess"]
[Site "Chess.com"]
[Date "2023.05.20"]
[Round "-"]
[White "jagbama"]
[Black "laminaaprod"]
[Result "0-1"]
[WhiteElo "1123"]
[BlackElo "2246"]
[TimeControl "300"]
[EndTime "15:24:00 PDT"]
[Termination "laminaaprod won by resignation"]

1. Nc3 d5 2. d4 c5 3. Bf4 Nc6 4. Nb5 Qa5+ 5. Nc3 cxd4 6. Bd2 dxc3 7. Bxc3 Qd8 8. Nf3 Nf6 9. e3 e6 10. Bb5 Bd6 11. Be5 Bxe5 12. Nxe5 Qa5+ 13. c3 Qxb5 14. Nxc6 bxc6 15. b3 Ba6 16. a4 Qd3 17. Qf3 Qxc3+ 18. Kd1 Qxa1+ 19. Kd2 Qxh1 0-1

[Event "Live Chess"]
[Site "Chess.com"]
[Date "2023.05.20"]
[Round "-"]
[White "CeladonFish"]
[Black "McSlash1"]
[Result "0-1"]
[WhiteElo "1167"]
[BlackElo "2007"]
[TimeControl "300"]
[EndTime "15:24:00 PDT"]
[Termination "McSlash1 won by resignation"]

1. d4 Nf6 2. c4 g6 3. Nc3 d5 4.
Bf4 Bg7 5. Nf3 dxc4 6. e3 O-O 7.
Bxc4 Nh5 8. Bd3 Nxf4 9. exf4 Bg4 10. O-O Bxf3 11. Qxf3 Nc6 12. Bb5 Nxd4 13. Qxb7 Nxb5 14. Qxb5 Rb8 15. Qe2 Qd4 16. g3 Qb4 17. Rab1 e6 18.
a3 Qb3 19. Qd1 Bxc3 20. Qxb3 Rxb3 21. bxc3 Rxc3 22. a4 Ra3 23. Rb7 Rc8 24. Rxc7 Rxc7 0-1

[Event "Live Chess"]
[Site "Chess.com"]
[Date "2023.05.20"]
[Round "-"]
[White "weibs440"]
[Black "Cimon"]
[Result "0-1"]
[WhiteElo "941"]
[BlackElo "1831"]
[TimeControl "300"]
[EndTime "15:24:06 PDT"]
[Termination "Cimon won by resignation"]

1. e4 c5 2. Nc3 Nc6 3. f4 d6 4. Nf3 Nf6 5. Bb5 g6 6. O-O Bg7 7. d3 O-O 8. Bxc6 bxc6 9. Qe1 Bg4 10. Qf2 Bxf3 11. Qxf3 Nd7 12. Ne2 Rb8 13. Nc3 Nb6 14. Rb1 d5 15. e5 e6 16. Qf2 Nd7 17. Na4 Qa5 18. b3 d4 19. Bd2 Qc7 20. c3 f6 21.
cxd4 fxe5 22. dxe5 Nxe5 23. Qxc5 Nxd3 24. Qe3 Qd6 25.
Rbd1 Bd4 26. Qxd4 Qxd4+ 27. Kh1 Nf2+ 28. Rxf2 Qxf2 0-1

[Event "Live Chess"]
[Site "Chess.com"]
[Date "2023.05.20"]
[Round "-"]
[White "LodeshChess"]
[Black "manthanit"]
[Result "1-0"]
[WhiteElo "1106"]
[BlackElo "1022"]
[TimeControl "300"]
[EndTime "15:24:28 PDT"]
[Termination "LodeshChess won by checkmate"]

1. e4 e6 2. d4 d5 3. e5 c5 4. Nf3 Nc6 5. c3 a6 6. Bd3 Qb6 7. O-O cxd4 8. cxd4 Nxd4 9. Nxd4 Qxd4 10. Bb5+ axb5 11.
Qxd4 Bd7 12. Nd2 Rc8 13. Nf3 Bc5 14. Qg4 g6 15. Bg5 Ne7 16. Bf6 O-O 17. Qg5 Nf5 18.
g4 h6 19. Qd2 Nd4 20. Qxh6 Nxf3+ 21. Kh1 Ng5 22. Qg7# 1-0

[Event "Live Chess"]
[Site "Chess.com"]
[Date "2023.05.20"]
[Round "-"]
[White "Doge_Dandolo"]
[Black "Jo1ts"]
[Result "1-0"]
[WhiteElo "2029"]
[BlackElo "771"]
[TimeControl "300"]
[EndTime "15:24:45 PDT"]
[Termination "Doge_Dandolo won by resignation"]

1. Nf3 d5 2. c4 dxc4 3. e3 Nc6 4. Bxc4 h6 5. d4 Bg4 6. O-O e5 7. h3 Bxf3 8. Qxf3 f6 9. Qh5+ Kd7 10. Qf5+ Ke8 11. Rd1 exd4 12. exd4 Nxd4 13. Qe4+ 1-0

[Event "Live Chess"]
[Site "Chess.com"]
[Date "2023.05.20"]
[Round "-"]
[White "wot-not"]
[Black "blowerd"]
[Result "1-0"]
[WhiteElo "1526"]
[BlackElo "1399"]
[TimeControl "300"]
[EndTime "15:24:53 PDT"]
[Termination "wot-not won by checkmate"]

1. e4 e5 2. f4 exf4 3. Nf3 Be7 4. d4 Bh4+ 5. Kd2 Qe7 6. e5 Nc6 7. c3 d6 8. Bb5 a6 9. Bxc6+ bxc6 10. Qa4 Bd7 11.
exd6 Qxd6 12. Kc2 Bf5+ 13. Kd1 Bg4 14. Bxf4 Bxf3+ 15. gxf3 Qd5 16. Nd2 Bf6 17. Re1+ Ne7 18. Bxc7 O-O 19. Qc4 Qxc4 20. Nxc4 Nd5 21. Be5 Rad8 22.
Bxf6 Nxf6 23. Ne5 c5 24. Kc2 cxd4 25. Nc6 d3+ 26. Kb3 Rd6 27. Nd4 Rb8+ 28. Ka3 Rd5 29.
b4 h6 30. Kb3 Rdd8 31. Kc4 Nd5 32. Kxd3 Nf4+ 33. Ke4 Ng6 34. Nc6 Re8+ 35. Kd4 Rxe1 36.
Rxe1 Rc8 37. Ne7+ Nxe7 38. Rxe7 Rd8+ 39. Kc5 Rd2 40. Re8+ Kh7 41. Kb6 Rxa2 42. c4 Rxh2 43. c5 Rf2 44. c6 Rxf3 45. c7 Rf6+ 46. Kb7 Rf5 47. c8=Q Rb5+ 48. Kxa6 Rxb4 49. Rh8+ Kg6 50. Qc2+ Kf6 51. Qc3+ Ke6 52. Qxb4 Kd7 53. Qd4+ Ke7 54. Qxg7 h5 55. Rh7 h4 56. Qxf7+ Kd6 57. Rh5 Kc6 58. Qg6+ Kd7 59. Rh7+ Kd8 60. Qg8# 1-0

[Event "Live Chess"]
[Site "Chess.com"]
[Date "2023.05.20"]
[Round "-"]
[White "Stanbad1"]
[Black "sanjesh_ananda"]
[Result "1-0"]
[WhiteElo "2398"]
[BlackElo "1055"]
[TimeControl "300"]
[EndTime "15:24:55 PDT"]
[Termination "Stanbad1 won on time"]

1. d4 d5 2. Nc3 Nf6 3. Bf4 Bd7 4.
e3 e6 5. Nf3 Nc6 6. Bb5 Be7 7.
O-O O-O 8. Re1 a6 9. Bd3 Bd6 10. Bxd6 cxd6 11. e4 dxe4 12. Nxe4 d5 13. Nc5 Bc8 14.
c3 b6 15. Nb3 Re8 16. Nc1 Qd6 17. Bf1 e5 18. dxe5 Nxe5 19. Nxe5 Rxe5 20. Rxe5 Qxe5 21. Nb3 Ng4 22. g3 Qh5 23. h3 Be6 24. Nd4 Re8 25.
Nxe6 Rxe6 26. Qxg4 Qe5 27. Qd4 Qf5 28. Bg2 Re8 29.
Qxd5 1-0

[Event "Live Chess"]
[Site "Chess.com"]
[Date "2023.05.20"]
[Round "-"]
[White "JackCheetham1"]
[Black "Pablo_dmp"]
[Result "0-1"]
[WhiteElo "1694"]
[BlackElo "1876"]
[TimeControl "300"]
[EndTime "15:25:16 PDT"]
[Termination "Pablo_dmp won by resignation"]

1. e4 c6 2. d4 d5 3. e5 c5 4.
c3 Nc6 5. Nf3 Bg4 6. Bb5 cxd4 7.
cxd4 Qb6 8. Bxc6+ bxc6 9. Nc3 e6 10. a3 Ne7 11. Qe2 Nf5 12. Be3 Rb8 13. Rb1 Bxf3 14. gxf3 Nxd4 15. Bxd4 Qxd4 16. O-O Bc5 17. Rfd1 Qh4 18.
Na4 Bb6 19. Nxb6 axb6 20. Rbc1 Rc8 21. Qa6 O-O 22. Qxb6 Qg5+ 23. Kh1 Qxe5 24. Qe3 Qxb2 25. Rb1 Qf6 26. a4 c5 27. Rdc1 c4 28. a5 d4 29. Qe4 c3 30. a6 e5 31. a7 Ra8 32.
Qxa8 Rxa8 33. Rb8+ Qd8 34. Rcb1 c2 35. Rxd8+ Rxd8 36. Rb8 c1=Q+ 37. Kg2 Qc7 38. Rxd8+ Qxd8 0-1

[Event "Live Chess"]
[Site "Chess.com"]
[Date "2023.05.20"]
[Round "-"]
[White "JanMur7"]
[Black "Ferrarifan27"]
[Result "0-1"]
[WhiteElo "1949"]
[BlackElo "2069"]
[TimeControl "300"]
[EndTime "15:25:24 PDT"]
[Termination "Ferrarifan27 won by resignation"]

1. e4 e5 2. Nf3 Nc6 3. Nc3 Nf6 4. Nxe5 Nxe5 5. d4 Ng6 6. e5 Ng8 7. Bc4 d6 8. Qf3 Be6 9. Qxb7 Rb8 10. Qc6+ Bd7 11. Qd5 Be6 12. Qc6+ Qd7 13. Qxd7+ Kxd7 14. Bxe6+ fxe6 15. exd6 Bxd6 16. O-O Nf6 17. f4 Rhf8 18. f5 exf5 19. Rxf5 Ng4 20. Rxf8 Bxh2+ 21. Kh1 Rxf8 22. Bg5 0-1

[Event "Live Chess"]
[Site "Chess.com"]
[Date "2023.05.20"]
[Round "-"]
[White "Tushinskiy"]
[Black "LanceMaster23"]
[Result "1-0"]
[WhiteElo "2154"]
[BlackElo "1860"]
[TimeControl "300"]
[EndTime "15:25:36 PDT"]
[Termination "Tushinskiy won by resignation"]

1. d4 Nf6 2. c3 d5 3. Nf3 Bf5 4. Bf4 e6 5. Nbd2 c6 6. Bg3 Nbd7 7. e3 h6 8. Be2 Be7 9. b4 a5 10. a3 axb4 11. axb4 O-O 12. O-O b5 13. Qb3 Ne4 14. Nxe4 Bxe4 15. Nd2 Bg6 16. Bf3 Nb6 17. e4 Nc4 18. Nxc4 bxc4 19. Qb2 dxe4 20. Be2 Qd5 21. Ra2 f5 22. Be5 Bf6 23. Bxf6 gxf6 24. Rfa1 Rad8 25. Ra5 Qd6 26. Bxc4 Bf7 27. Ra6 Rc8 28. b5 Qf4 29. bxc6 e3 30. Qe2 exf2+ 31. Qxf2 Qe4 32. Qg3+ Kh7 33. Qf3 Qc2 34. Ra7 Kg6 35. Qg3+ Kh5 36. R7a2 f4 37. Qf3+ 1-0

[Event "Live Chess"]
[Site "Chess.com"]
[Date "2023.05.20"]
[Round "-"]
[White "Nazar_777"]
[Black "Geomorph"]
[Result "0-1"]
[WhiteElo "1626"]
[BlackElo "1253"]
[TimeControl "300"]
[EndTime "15:25:36 PDT"]
[Termination "Geomorph won by checkmate"]

1. e3 e5 2. h4 c6 3. a3 d5 4. c4 Nf6 5. cxd5 cxd5 6. Nc3 Be6 7. Be2 Bd6 8. Qc2 Nc6 9. Nf3 e4 10.
Ng5 O-O 11. b4 h6 12. Nxe6 fxe6 13. Bb2 Ne5 14. g4 Nfxg4 15. Bxg4 Nxg4 16. Ne2 Rxf2 17. Nf4 Rc8 18. Qb1 Qb6 19. Bd4 Qb5 20. Qd1 g5 21. Qxg4 Bxf4 22. hxg5 Rf8 23. Qxe6+ Rf7 24. Qg4 Bxg5 25.
Rc1 Rf1+ 26. Rxf1 Qxf1# 0-1

[Event "Live Chess"]
[Site "Chess.com"]
[Date "2023.05.20"]
[Round "-"]
[White "lightningorderyt"]
[Black "f4nomore"]
[Result "0-1"]
[WhiteElo "518"]
[BlackElo "1416"]
[TimeControl "300"]
[EndTime "15:25:37 PDT"]
[Termination "f4nomore won by resignation"]

1. d4 g6 2. e4 Bg7 3. Nf3 d6 4. h3 Nf6 5. Nc3 O-O 6. Bc4 Nbd7 7. b3 e6 8. Bb2 a6 9. O-O b5 10. Bd3 Bb7 11. a4 b4 12. Na2 a5 13. c3 c5 14.
cxb4 cxb4 15. e5 dxe5 16. dxe5 Nd5 17. Be4 Nc5 18. Bd3 Nxd3 19. Qxd3 Ba6 20. Qxa6 Rxa6 21. Nxb4 Nxb4 22. Nd4 0-1

[Event "Live Chess"]
[Site "Chess.com"]
[Date "2023.05.20"]
[Round "-"]
[White "LiamClery2020"]
[Black "parcellforce"]
[Result "1-0"]
[WhiteElo "2072"]
[BlackElo "1362"]
[TimeControl "300"]
[EndTime "15:25:42 PDT"]
[Termination "LiamClery2020 won by resignation"]

1. e4 e5 2. Nc3 Nc6 3. Bc4 d6 4.
d3 Bd7 5. Nf3 f5 6. O-O fxe4 7.
dxe4 Qe7 8. Nd5 Qd8 9. Bg5 Qc8 10. b4 h6 11. Bh4 g5 12. Bg3 Bg7 13. b5 Nd8 14. h4 Be6 15. hxg5 Bxd5 16. Qxd5 Ne7 17. Qd3 hxg5 18. Nxg5 Qg4 19. Nh3 Kd7 20. Bd5 c6 21. bxc6+ Ndxc6 22. Rab1 Kc7 23. Qb3 Rab8 24. Be6 Qg6 25.
Bd5 Nxd5 26. Qxd5 Nd4 27. Rb4 Ne2+ 28. Kh2 Rxh3+ 29. gxh3 b6 30. Qc4+ Kd7 31. Qxe2 Rh8 32. f4 exf4 33. Rxf4 Be5 34. Qg4+ Qxg4 35. Rxg4 Bxg3+ 36. Rxg3 Rf8 1-0

[Event "Live Chess"]
[Site "Chess.com"]
[Date "2023.05.20"]
[Round "-"]
[White "EdenHazard8"]
[Black "birdseed45"]
[Result "1-0"]
[WhiteElo "2061"]
[BlackElo "1877"]
[TimeControl "300"]
[EndTime "15:25:53 PDT"]
[Termination "EdenHazard8 won by resignation"]

1. e4 c5 2. Nc3 Nc6 3. f4 d6 4.
Nf3 g6 5. Bc4 Bg7 6. d3 Nf6 7. O-O O-O 8. Qe1 h5 9. Qh4 a6 10. f5 b5 11. Bb3 e6 12. fxg6 fxg6 13. Bg5 Qe8 14. Rae1 Na5 15. e5 Ng4 16. exd6 Nxb3 17.
axb3 Bd7 18. Ne4 Bxb2 19. Nxc5 Rxf3 20. Rxf3 Bd4+ 21. Kh1 Bxc5 22. Be7 Kg7 23. Ref1 Ne5 24. Rf8 Qxf8 25. Bxf8+ Rxf8 26. Qe7+ Rf7 27. Rxf7+ Nxf7 28. Qxd7 Bxd6 29. Qxe6 1-0